 Dungeon Crawl Stone Soup version 0.32-a0-41-gec2d92a32c (webtiles) character file.

Game seed: 9837535892474465047

37 Dittersdorf the Trooper (level 3, -9/19 (24) HPs)
             Began as a Gargoyle Fighter on Jan 25, 2024.
             Killed from afar by a laughing skull (10 damage)
             ... with a bolt of negative energy
             ... on level 4 of the Abyss.
             The game lasted 00:02:51 (777 turns).

Dittersdorf the Trooper (Gargoyle Fighter)           Turns: 777, Time: 00:02:51

HP:   -9/19 (24)    AC: 15    Str: 27    XL:     3   Next: 41%
MP:   3/3           EV:  9    Int:  8    God:
Gold: 57            SH: 13    Dex:  9    Spells: 2/2 levels left

rFire   + . .        a - +0 flail
rCold   + + .        p - +5 kite shield of Huenocig {rF+ rC+}
rNeg    + . .        b - +0 scale mail
rPois   ∞            o - +0 helmet
rElec   +            (no cloak)
rCorr   .            (no gloves)
SInv    .            c - +3 pair of seven-league boots {Rampage+∞}
Will    .....        (no amulet) Stlth
                     i - +6 ring of strength
HPRegen 0.23/turn    m - ring of protection from cold
MPRegen 0.08/turn

%: rampage+∞
@: heavily drained
A: sickness immunity, AC +3, negative energy resistance 1, electricity
resistance, torment resistance 1, petrification resistance
a: no special abilities


You were on level 4 of the Abyss.
You visited 1 branch of the dungeon, and saw 2 of its levels.
You visited the Abyss 1 time.

You collected 57 gold pieces.

Inventory:

Hand Weapons
 a - a +0 flail (weapon)
Missiles
 f - 4 curare-tipped darts (quivered)
Armour
 b - a +0 scale mail (worn)
 c - the +3 pair of seven-league boots (worn) {Rampage+∞}
   (You acquired it on level 1 of the Abyss)

   Rampage+∞: When moving toward enemies, its wearer moves as far as possible,
   alerting their target en route.
 o - a +0 helmet (worn)
 p - the +5 kite shield of Huenocig (worn) {rF+ rC+}
   (You acquired it on level 1 of the Abyss)

   rF+:       It protects you from fire.
   rC+:       It protects you from cold.
Jewellery
 i - a +6 ring of strength (left hand)
 m - a ring of protection from cold (right hand)
Potions
 d - a potion of might
 e - a potion of berserk rage
 j - 2 potions of mutation {unknown}
 l - a potion of haste {unknown}


   Skills:
 + Level 3.7 Fighting
 + Level 2.5 Maces & Flails
 + Level 3.7 Armour
 + Level 3.7 Shields


You had 2 spell levels left.
You didn't know any spells.
Your spell library was empty.

Dungeon Overview and Level Annotations

Branches:
Dungeon (2/15)

Altars:


Innate Abilities, Weirdness & Mutations

You are immune to sickness and miasma.
Your stone body is resilient. (AC +3)
You are immune to poison.
You resist negative energy. (rN+)
You are resistant to electric shocks. (rElec)
You are resistant to unholy torment.
You are immune to petrification.


Message History

The bolt of negative energy misses you.
The laughing skull headbutts you but does no damage.
The laughing skull attacks as it pursues you!
You block the laughing skull's attack. x2
The laughing skull gibbers with scorn.
The bolt of negative energy hits you. You partially resist.
You feel drained.
The laughing skull gibbers with scorn.
The bolt of negative energy hits you! You partially resist.
You feel drained.
Ouch! That really hurt!
A laughing skull comes into view.
The laughing skull lets out a vicious peal of laugher.
The bolt of negative energy misses you. The laughing skull barely misses you.
The laughing skull attacks as it pursues you!
You block the laughing skull's attack.
The laughing skull gibbers with scorn.
The bolt of negative energy misses you.
The laughing skull lets out a vicious peal of laugher.
The bolt of negative energy hits you. You partially resist.
You feel drained.
The laughing skull lets out a vicious peal of laugher.
The bolt of negative energy misses you.
The laughing skull gibbers with scorn.
The bolt of negative energy hits the laughing skull.
The laughing skull completely resists.
The bolt of negative energy hits you but does no damage.
You partially resist.
The laughing skull attacks as it pursues you!
The laughing skull completely misses you.
The laughing skull headbutts you but does no damage.
The laughing skull headbutts you!
* * * LOW HITPOINT WARNING * * *
The laughing skull gibbers with scorn.
The bolt of negative energy misses you.
The laughing skull attacks as it pursues you!
The laughing skull closely misses you.
The laughing skull cackles spitefully.
The bolt of negative energy hits you! You partially resist.
You feel drained.
Ouch! That really hurt!
You die...
The laughing skull crumbles to pieces from sheer joy.

. ... ##.. ## ... ## #
.#..# .. ..#.#.# #
####..#..# #.## ##
##§.....# #.# ##..
##..#.@#.#
...#.#......#zz...# .
#....####...#....# #..
# .##..#.....≈≈≈≈≈
#...#.........#..####+
##.#..#.#....#....#
#...##..#..##....≈# ..
..#..##..#.#.§≈#
.....#.....##.#..≈#


You could see 2 laughing skulls.

Vanquished Creatures
  Robin (D:1)
  2 dart slugs (D:1)
  A ball python (D:1)
  3 endoplasms (D:1)
  2 goblins
  2 hobgoblins (D:1)
  3 kobolds (D:1)
  A quokka (D:1)
  2 bats (D:1)
  2 frilled lizards (D:1)
  4 rats (D:1)
23 creatures vanquished.

Notes
Turn   | Place    | Note
-------+----------+-------------------------------------------
     0 | D:1      | Dittersdorf the Gargoyle Fighter began the quest for the
                  | Orb.
     0 | D:1      | Reached XP level 1. HP: 14/14 MP: 1/1
   157 | D:1      | Reached XP level 2. HP: 19/19 MP: 2/2
   428 | D:1      | Reached XP level 3. HP: 23/23 MP: 3/3
   518 | D:2      | Noticed Robin
   522 | D:1      | Killed Robin
   540 | Abyss:1  | Cast into level 1 of the Abyss (goblin)
   559 | Abyss:1  | Identified 2 scrolls of acquirement
   559 | Abyss:1  | Acquired the +5 kite shield of Huenocig {rF+ rC+}
   572 | Abyss:1  | Acquired the +3 pair of seven-league boots {Rampage+∞}
   572 | Abyss:1  | Found the +3 pair of seven-league boots {Rampage+∞}
   595 | Abyss:1  | Found a corrupted altar of Lugonu.
   621 | Abyss:2  | Noticed a hellwing
   663 | Abyss:2  | Found a corrupted altar of Lugonu.
   669 | Abyss:2  | Noticed a thrashing horror
   672 | Abyss:2  | Noticed a thrashing horror
   691 | Abyss:4  | Noticed a tentacled starspawn
   694 | Abyss:4  | Noticed a small abomination
   704 | Abyss:4  | Found a snail-covered altar of Cheibriados.
   745 | Abyss:4  | Noticed an eidolon
   746 | Abyss:4  | Noticed a laughing skull
   760 | Abyss:4  | Noticed a laughing skull
   775 | Abyss:4  | HP: 1/20 [laughing skull (8)]
   777 | Abyss:4  | Killed from afar by a laughing skull

Illustrated notes

Levels and vault maps discovered:
D:1:      dpeg_arrival_arbitrary_a, layout_rooms
D:2:      layout_basic, uniq_terence, uniq_robin, uniq_jessica
Abyss:4:  base: Temple, evilmike_abyss_exit_1, hangedman_abyss_overflow_altar

Action                     || total
---------------------------++-------
  Melee: Flail             ||    69
    Use: Scroll            ||     6
 Armour: Scale mail        ||    59
  Dodge: Dodged            ||    47
  Block: Buckler           ||    25
         Kite shield       ||     6

Table legend: (Time is in decaauts)
 A = Elapsed time spent in this place.
 B = Non-inter-level travel time spent in this place.
 C = Inter-level travel time spent in this place.
 D = Time resting spent in this place.
 E = Time spent auto-exploring this place.
 F = Levels seen in this place.
 G = Mean time per level.
                   A        B        C        D        E       F      G
               +--------+--------+--------+--------+--------+-----+--------+
         Total |    798 |    760 |     38 |     38 |    358 |   6 |  133.0 |
       Dungeon |    561 |    523 |     38 |      0 |    358 |   2 |  280.5 |
         Abyss |    236 |    236 |      0 |     38 |      0 |   4 |   59.0 |
               +--------+--------+--------+--------+--------+-----+--------+

Top non-repeatable levels by time:
     D:1: 554 daAuts
 Abyss:4: 91 daAuts
 Abyss:2: 70 daAuts
 Abyss:1: 61 daAuts
 Abyss:3: 11 daAuts
     D:2: 7 daAuts
